 Dungeon Crawl Stone Soup version 0.24.0-37-gcf1ca852f1 (webtiles) character file.

Game seed: 4320474724557639239, levelgen mode: deterministic

4956 FishyPogo the Magician (level 10, -1/79 HPs)
             Began as a Gnoll Skald on Dec 8, 2019.
             Was a High Priest of Okawaru.
             Killed from afar by an electric eel (8 damage)
             ... with a bolt of electricity
             ... on level 8 of the Dungeon.
             The game lasted 00:23:50 (5617 turns).

FishyPogo the Magician (Gnoll Skald)                Turns: 5617, Time: 00:23:54

Health: -1/79      AC:  8    Str: 16    XL:     10   Next: 53%
Magic:  7/21       EV: 20    Int: 15    God:    Okawaru [*****.]
Gold:   507        SH:  0    Dex: 18    Spells: 12/23 levels left

rFire    + . .     SeeInvis +   b - +3 scimitar (flame)
rCold    . . .     Gourm    .   (no shield)
rNeg     . . .     Faith    .   v - +0 ring mail (curse)
rPois    .         Spirit   .   (no helmet)
rElec    .         Reflect  .   h - +0 cloak
rCorr    .         Harm     .   (no gloves)
MR       .....                  (no boots)
Stlth    +++++.....             o - amulet of magic regeneration
HPRegen  1.23/turn              E - ring of see invisible
MPRegen  0.42/turn              H - ring "Erenimna" {+Blink rF+ Dex+2 Stlth+}

@: heroism, finesse, singing, regenerating
A: distributed training, fangs 1, strong nose
a: Heroism, Finesse, Renounce Religion, Evoke Blink


You were on level 8 of the Dungeon.
You worshipped Okawaru.
Okawaru was extremely pleased with you.
You were not hungry.

You visited 1 branch of the dungeon, and saw 8 of its levels.
You also visited: Ossuary.

You collected 507 gold pieces.

Inventory:

Hand Weapons
 a - a +5 hand axe
 b - a +3 scimitar of flaming (weapon)
 G - a +3 falchion
Missiles
 e - 165 stones (quivered)
 k - 28 poisoned darts
Armour
 h - a +0 cloak (worn)
 v - a cursed +0 ring mail (worn)
Jewellery
 f - an uncursed ring of positive energy
 o - an amulet of magic regeneration (around neck)
 z - an uncursed ring of fire
 E - a ring of see invisible (left hand)
 H - the ring "Erenimna" (right hand) {+Blink rF+ Dex+2 Stlth+}
   (You found it on level 8 of the Dungeon)

   [ring of stealth]

   It affects your dexterity (+2).
   It protects you from fire.
   It lets you blink.
   It makes you more stealthy.
Wands
 B - a wand of iceblast (12)
 F - a wand of polymorph (4)
Scrolls
 c - 6 scrolls of remove curse {unknown}
 g - 2 scrolls of fog {unknown}
 i - 2 scrolls of blinking {unknown}
 j - 3 scrolls of magic mapping
 l - a scroll of fear
 n - 2 scrolls of teleportation
 q - 3 scrolls of identify
 u - 2 scrolls of amnesia {unknown}
 A - a scroll of enchant armour {unknown}
Potions
 m - 5 potions of might
 p - 3 potions of brilliance
 r - 3 potions of flight
 t - 3 potions of curing {unknown}
 w - 3 potions of degeneration {unknown}
 y - a potion of invisibility {unknown}
 C - a potion of mutation {unknown}
 D - a potion of agility
Comestibles
 d - 12 rations
 x - 7 chunks of flesh


   Skills:
 + Level 7.1(12.1) Fighting
 + Level 5.2(10.2) Short Blades
 + Level 7.1(12.1) Long Blades
 + Level 5.2(10.2) Axes
 + Level 5.2(10.2) Maces & Flails
 + Level 5.2(10.2) Polearms
 + Level 5.2(10.2) Staves
 + Level 5.2(10.2) Slings
 + Level 5.2(10.2) Bows
 + Level 5.2(10.2) Crossbows
 + Level 5.2(10.2) Throwing
 + Level 5.9(10.9) Armour
 + Level 7.1(12.1) Dodging
 + Level 5.2(10.2) Stealth
 + Level 5.2(10.2) Shields
 + Level 5.2(10.2) Unarmed Combat
 + Level 7.3 Spellcasting
 + Level 4.3 Conjurations
 + Level 4.3 Hexes
 + Level 7.1 Charms
 + Level 4.3 Summonings
 + Level 4.3 Necromancy
 + Level 4.3 Translocations
 + Level 4.3 Transmutations
 + Level 4.3 Fire Magic
 + Level 4.3 Ice Magic
 + Level 4.3 Air Magic
 + Level 4.3 Earth Magic
 + Level 4.3 Poison Magic
 + Level 5.8 Invocations
 + Level 5.2 Evocations


You had 12 spell levels left.
You knew the following spells:

 Your Spells              Type           Power        Failure   Level  Hunger
h - Regeneration          Chrm/Necr      ###.......   6%          3    ##.....
n - Spectral Weapon       Hex/Chrm       ###.....     6%          3    ##.....
p - Shroud of Golubria    Chrm/Tloc      ###...       3%          2    None
u - Song of Slaying       Chrm           ####....     1%          2    None
y - Infusion              Chrm           ####         1%          1    None

Your spell library contained the following spells:

 Spells                   Type           Power        Failure   Level  Hunger
 Animate Skeleton         Necr           N/A          3%          1    None
 Apportation              Tloc           ###...       3%          1    None
 Confusing Touch          Hex            ###...       3%          1    None
 Corona                   Hex            ###....      3%          1    None
 Summon Small Mammal      Summ           ###.         3%          1    None
 Ensorcelled Hibernation  Hex/Ice        ###...       5%          2    None
 Confuse                  Hex            ###.....     11%         3    ##.....
 Dazzling Spray           Conj/Hex       ###...       11%         3    ##.....
 Tukima's Dance           Hex            ###.....     11%         3    ##.....


Dungeon Overview and Level Annotations

Branches:
Dungeon (8/15)             Temple (0/1) D:6         Ossuary (visited)
   Lair: D:8-11

Altars:
Ashenzari
Cheibriados
Dithmenos
Gozag
Okawaru
Qazlal
Ru
Sif Muna
Trog
Uskayaw
Vehumet
Wu Jian
Xom
Yredelemnul
The Shining One
Beogh

Annotations:
D:5 3 runed translucent doors, diiiiiane's ghost, novice OpAs


Innate Abilities, Weirdness & Mutations

Your experience applies equally to all skills.
You have very sharp teeth.
Your uncanny sense of smell can sniff out nearby items.


Message History

You hit the bullfrog zombie. You burn the bullfrog zombie.
The bullfrog zombie is heavily damaged.
Your spectral weapon barely misses the bullfrog zombie.
The bullfrog zombie misses you.
You riposte.
You slash the bullfrog zombie! You burn the bullfrog zombie.
You destroy the bullfrog zombie!
Okawaru accepts your kill. The kobold closely misses you.
You riposte.
You slash the kobold! You burn the kobold.
You kill the kobold!
Okawaru accepts your kill.
The electric eel shoots out a bolt of lightning at you!
The bolt of electricity hits the kobold!
The kobold dies!
The bolt of electricity hits the kobold!
The kobold dies!
The bolt of electricity hits you!
* * * LOW HITPOINT WARNING * * *
The bolt of electricity hits you!
You die...

#.# #..## #.# #...# #.#
#.#.# #.# #.#.# #.# #.#.#
#######.## #.#.)
#...(....# #.#.#
###(.......# #.#.#
#######)@........# #.#..
......K(#######.#####.#..
#######)# #.......#.. .).
#########.# K.o.( #.#
≈.;.;.. #.# .≈≈≈≈≈≈≈. #.#
.≈.≈≈≈≈≈.≈. #.#
≈≈≈≈≈≈≈≈≈...# ###..


You could see a big kobold, an electric eel, an orc, a kobold and a friendly
spectral +3 scimitar of flaming.

Vanquished Creatures
  Erica (D:8)
  A troll (D:8)
  A spriggan (D:7)
  Grum (D:8)
  A sky beast (D:7)
  2 orc warriors (D:8)
  3 ice beasts
  A phantom (D:5)
  6 wolves (D:8)
  4 ogres
  2 centaurs
  2 big kobolds (D:8)
  3 bullfrogs (D:8)
  3 water moccasin zombies
  3 elf skeletons (D:6)
  8 wights
  6 howler monkeys
  A crimson imp (D:5)
  A centaur zombie (D:7)
  2 bullfrog zombies
  A human zombie (D:6)
  2 orc priests (D:8)
  5 hounds
  A bullfrog skeleton (D:4)
  An iguana (D:7)
  2 human skeletons (D:6)
  3 orc wizards
  A worker ant (D:7)
  A killer bee zombie (D:6)
  4 big kobold zombies (Ossuary)
  2 mummies (Ossuary)
  A worker ant zombie (D:7)
  3 gnolls (D:7)
  6 adders
  3 adder zombies
  An adder skeleton (D:7)
  A worm (D:6)
  4 dart slugs
  3 leopard geckos
  12 orcs
  6 bats
  7 giant cockroaches
  3 gnoll zombies (Ossuary)
  8 goblins
  10 hobgoblins
  5 jackals
  14 kobolds
  5 quokkas
  8 frilled lizards
  4 hobgoblin zombies (Ossuary)
  A jackal zombie (D:6)
  7 kobold zombies (Ossuary)
  5 orc zombies (Ossuary)
  A quokka zombie (D:6)
  8 rats
201 creatures vanquished.

Vanquished Creatures (others)
  2 kobolds (D:8)
  4 spectral weapons
6 creatures vanquished.

Grand Total: 207 creatures vanquished

Notes
Turn   | Place    | Note
-------+----------+-------------------------------------------
     0 | D:1      | FishyPogo the Gnoll Skald began the quest for the Orb.
     0 | D:1      | Reached XP level 1. HP: 20/20 MP: 6/6
    63 | D:1      | Reached XP level 2. HP: 15/26 MP: 7/7
    67 | D:1      | Learned a level 2 spell: Song of Slaying
    70 | D:1      | Learned a level 2 spell: Shroud of Golubria
   392 | D:1      | Reached XP level 3. HP: 26/31 MP: 6/9
   395 | D:1      | Reached skill level 5 in Spellcasting
   410 | D:1      | Learned a level 3 spell: Regeneration
   415 | D:1      | Learned a level 3 spell: Spectral Weapon
   804 | D:1      | Reached skill level 1 in Invocations
   937 | D:2      | Reached skill level 1 in Short Blades
   937 | D:2      | Reached skill level 1 in Axes
   937 | D:2      | Reached skill level 1 in Maces & Flails
   937 | D:2      | Reached skill level 1 in Polearms
   937 | D:2      | Reached skill level 1 in Staves
   937 | D:2      | Reached skill level 1 in Slings
   937 | D:2      | Reached skill level 1 in Bows
   937 | D:2      | Reached skill level 1 in Crossbows
   937 | D:2      | Reached skill level 1 in Throwing
   937 | D:2      | Reached skill level 1 in Stealth
   937 | D:2      | Reached skill level 1 in Shields
   937 | D:2      | Reached skill level 1 in Unarmed Combat
   937 | D:2      | Reached skill level 1 in Evocations
  1158 | D:2      | Found a snail-covered altar of Cheibriados.
  1162 | D:2      | Reached XP level 4. HP: 38/38 MP: 11/11
  1454 | D:3      | Found an ornate altar of the Wu Jian Council.
  1454 | D:3      | Found an iron altar of Okawaru.
  1461 | D:3      | Found a basalt altar of Yredelemnul.
  1463 | D:3      | Became a worshipper of Warmaster Okawaru
  1547 | D:3      | Found a glowing golden altar of the Shining One.
  1675 | D:3      | Reached skill level 1 in Conjurations
  1675 | D:3      | Reached skill level 1 in Hexes
  1675 | D:3      | Reached skill level 1 in Summonings
  1675 | D:3      | Reached skill level 1 in Necromancy
  1675 | D:3      | Reached skill level 1 in Translocations
  1675 | D:3      | Reached skill level 1 in Transmutations
  1675 | D:3      | Reached skill level 1 in Fire Magic
  1675 | D:3      | Reached skill level 1 in Ice Magic
  1675 | D:3      | Reached skill level 1 in Air Magic
  1675 | D:3      | Reached skill level 1 in Earth Magic
  1675 | D:3      | Reached skill level 1 in Poison Magic
  1920 | D:3      | Found a stormy altar of Qazlal.
  2049 | D:3      | Found a sacrificial altar of Ru.
  2050 | D:3      | Found a radiant altar of Vehumet.
  2053 | D:3      | Found a shattered altar of Ashenzari.
  2054 | D:3      | Found a shimmering blue altar of Sif Muna.
  2282 | D:3      | Reached XP level 5. HP: 31/43 MP: 2/12
  2587 | D:4      | Noticed an ogre
  2598 | D:4      | Killed an ogre
  2637 | D:4      | Reached * piety under Okawaru
  2637 | D:4      | Reached XP level 6. HP: 50/50 MP: 9/13
  2853 | D:5      | Entered Level 5 of the Dungeon
  2873 | D:5      | Found a hide-covered altar of Uskayaw.
  2906 | D:5      | Reached skill level 5 in Fighting
  2906 | D:5      | Reached skill level 5 in Long Blades
  2906 | D:5      | Reached skill level 5 in Dodging
  2921 | D:5      | Found a shadowy altar of Dithmenos.
  2921 | D:5      | Noticed a phantom
  2960 | D:5      | Killed a phantom
  2960 | D:5      | Reached XP level 7. HP: 24/56 MP: 3/15
  3033 | D:5      | Found an opulent altar of Gozag.
  3121 | D:5      | Found a runed translucent gate.
  3121 | D:5      | Found a runed translucent gate.
  3121 | D:5      | Found a runed translucent gate.
  3131 | D:5      | Noticed diiiiiane's ghost (novice OpAs)
  3134 | D:5      | Found a roughly hewn altar of Beogh.
  3517 | D:6      | Reached ** piety under Okawaru
  3527 | D:6      | Found a sand-covered staircase.
  3547 | Ossuary  | Entered an ossuary
  3698 | Ossuary  | Reached XP level 8. HP: 50/63 MP: 16/16
  4046 | D:6      | Reached *** piety under Okawaru
  4486 | D:6      | Found a staircase to the Ecumenical Temple.
  4679 | D:7      | Found a shimmering altar of Xom.
  4714 | D:7      | Reached XP level 9. HP: 69/69 MP: 18/18
  4869 | D:7      | Found a bloodstained altar of Trog.
  4898 | D:7      | Reached **** piety under Okawaru
  5118 | D:8      | Noticed Erica
  5135 | D:8      | Killed Erica
  5135 | D:8      | Reached skill level 5 in Armour
  5166 | D:8      | Received a gift from Okawaru
  5166 | D:8      | Reached skill level 5 in Invocations
  5227 | D:8      | Reached XP level 10. HP: 54/77 MP: 17/20
  5404 | D:8      | Got a scintillating jade ring
  5406 | D:8      | Identified the ring "Erenimna" {+Blink rF+ Dex+2 Stlth+}
                  | (You found it on level 8 of the Dungeon)
  5453 | D:8      | Reached ***** piety under Okawaru
  5565 | D:8      | Reached skill level 5 in Short Blades
  5565 | D:8      | Reached skill level 5 in Axes
  5565 | D:8      | Reached skill level 5 in Maces & Flails
  5565 | D:8      | Reached skill level 5 in Polearms
  5565 | D:8      | Reached skill level 5 in Staves
  5565 | D:8      | Reached skill level 5 in Slings
  5565 | D:8      | Reached skill level 5 in Bows
  5565 | D:8      | Reached skill level 5 in Crossbows
  5565 | D:8      | Reached skill level 5 in Throwing
  5565 | D:8      | Reached skill level 5 in Stealth
  5565 | D:8      | Reached skill level 5 in Shields
  5565 | D:8      | Reached skill level 5 in Unarmed Combat
  5565 | D:8      | Reached skill level 5 in Evocations
  5566 | D:8      | Noticed Grum
  5584 | D:8      | Killed Grum
  5584 | D:8      | Received a gift from Okawaru
  5617 | D:8      | Killed from afar by an electric eel

Levels and vault maps discovered:
D:1:      scummos_arrival_star, layout_basic, serial_park_tiny_pond,
          minmay_ruptured
D:2:      layout_basic, kennysheep_slug_shrine
D:3:      layout_basic, grunt_qazlal_clouds, lemuel_doored_altar, minitemple,
          minmay_vboxes
D:4:      layout_basic
D:5:      layout_rooms, nicolae_gozag_cash_rules_everything_around_me,
          lemuel_crystal_altar, grunt_dithmenos_shadows, first_ration,
          biasface_ghost_orc_armoury, minivault_25
D:6:      layout_gridville, minmay_temple_entry_offerings,
          nicolae_ossuary_entry_catacombs, minmay_misc_feat_nine_boxes
D:7:      layout_rooms, kennysheep_mini_moat, the_bakery, xom_teletrap_fun
D:8:      layout_basic, erik_lair_island, uniq_grum, uniq_erica

Skill      XL: |  1  2  3  4  5  6  7  8  9 10 |
---------------+-------------------------------+-----
Spellcasting   | 5 6 7 |  7.3
Invocations    | 1 2 3 4 5 |  5.8
Short Blades   | 1 2 3 4 5 |  5.2
Axes           | 1 2 3 4 5 |  5.2
Maces & Flails | 1 2 3 4 5 |  5.2
Polearms       | 1 2 3 4 5 |  5.2
Staves         | 1 2 3 4 5 |  5.2
Slings         | 1 2 3 4 5 |  5.2
Bows           | 1 2 3 4 5 |  5.2
Crossbows      | 1 2 3 4 5 |  5.2
Throwing       | 1 2 3 4 5 |  5.2
Stealth        | 1 2 3 4 5 |  5.2
Shields        | 1 2 3 4 5 |  5.2
Unarmed Combat | 1 2 3 4 5 |  5.2
Evocations     | 1 2 3 4 5 |  5.2
Conjurations   | 1 2 3 4 |  4.3
Hexes          | 1 2 3 4 |  4.3
Summonings     | 1 2 3 4 |  4.3
Necromancy     | 1 2 3 4 |  4.3
Translocations | 1 2 3 4 |  4.3
Transmutations | 1 2 3 4 |  4.3
Fire Magic     | 1 2 3 4 |  4.3
Ice Magic      | 1 2 3 4 |  4.3
Air Magic      | 1 2 3 4 |  4.3
Earth Magic    | 1 2 3 4 |  4.3
Poison Magic   | 1 2 3 4 |  4.3
Armour         | 3 4 5 |  5.9
Fighting       | 5 6 7 |  7.1
Long Blades    | 5 6 7 |  7.1
Dodging        | 5 6 7 |  7.1
Charms         | 6 7 |  7.1

Action                   |  1- 3 |  4- 6 |  7- 9 | 10-12 || total
-------------------------+-------+-------+-------+-------++-------
Melee: Falchion          |    97 |   119 |   256 |       ||   472
       Bite              |    10 |    17 |    58 |     8 ||    93
       Punch             |       |     3 |    11 |     2 ||    16
       Hand axe          |       |       |    86 |       ||    86
       Scimitar          |       |       |    27 |    68 ||    95
 Cast: Song of Slaying   |     2 |     5 |     7 |     2 ||    16
       Shroud of Golubri |     1 |     5 |    14 |       ||    20
       Regeneration      |     1 |     5 |     9 |     3 ||    18
       Infusion          |       |     7 |     7 |       ||    14
       Spectral Weapon   |       |     3 |    25 |     3 ||    31
Invok: Heroism           |       |       |     1 |     1 ||     2
       Finesse           |       |       |       |     1 ||     1
  Use: Scroll            |       |       |     6 |       ||     6
       Potion            |       |       |     2 |     2 ||     4
 Stab: Sleeping          |       |     2 |     5 |       ||     7
       Distracted        |       |       |     1 |       ||     1
  Eat: Chunk             |     1 |     7 |     7 |     2 ||    17
       Ration            |       |       |     1 |       ||     1
Armor: Leather armour    |    13 |    10 |       |       ||    23
       Ring mail         |       |    17 |    88 |    10 ||   115
Dodge: Dodged            |    67 |    93 |   215 |    47 ||   422
       Rpst.: Falchion   |    21 |    26 |    41 |       ||    88
       Scimitar          |       |       |    12 |    12 ||    24
